 Dungeon Crawl Stone Soup version 0.24-a0-251-g44e327ef01 (webtiles) character file.

Game seed: 18115213585029536975

64 Redear the Ducker (level 3, 0/16 HPs)
             Began as a Felid Transmuter on Apr 16, 2019.
             Slain by a crimson imp (3 damage)
             ... on level 3 of the Dungeon.
             The game lasted 00:03:30 (2779 turns).

Redear the Ducker (Felid Transmuter)                Turns: 2779, Time: 00:03:31

Health: 0/16       AC:  1    Str:  7    XL:     3   Next: 91%
Magic:  6/7        EV: 19    Int: 14    God:
Gold:   79         SH:  0    Dex: 16    Spells: 5/6 levels left
                                        Lives:  0   Deaths: 1

rFire    . . .     SeeInvis +     - Unarmed
rCold    . . .     Gourm    .   (shield unavailable)
rNeg     . . .     Faith    .   (armour unavailable)
rPois    .         Spirit   .   (helmet unavailable)
rElec    .         Reflect  .   (cloak unavailable)
rCorr    .         Harm     .   (gloves unavailable)
MR       .....                  (boots unavailable)
Stlth    +++.......             (no amulet)
HPRegen  0.05/turn              (no ring)
MPRegen  0.10/turn              (no ring)

@: appendage (expiring), very slightly contaminated, quick
A: very small, no armour, no weapons or thrown items, stealth, claws 1, fangs 3,
horns 2, see invisible, carnivore, speed 1, shaggy fur 1, slow metabolism 1,
sharp paws
a: End Transformation


You were on level 3 of the Dungeon.
You were not hungry.
You had grown temporary horns.
You visited 1 branch of the dungeon, and saw 3 of its levels.

You collected 79 gold pieces.

Inventory:

Missiles
 a - 12 arrows
Jewellery
 d - a cursed -4 ring of evasion {unknown}
 e - an uncursed ring of flight {unknown}
 g - a cursed -6 ring of strength {unknown}
 j - a cursed +1 ring of slaying {unknown}
Scrolls
 b - 4 scrolls of identify {unknown}
 c - 2 scrolls of enchant weapon {unknown}
 f - a scroll of fog {unknown}
 h - a scroll of teleportation {unknown}
 i - a scroll of amnesia {unknown}
Comestibles
 z - 5 rations


   Skills:
 + Level 2.2 Fighting
 + Level 4.0 Dodging
 + Level 2.9 Stealth
 + Level 3.7 Unarmed Combat
 - Level 2.0 Spellcasting
 - Level 2.1 Transmutations


You had 5 spell levels left.
You knew the following spells:

 Your Spells              Type           Power        Failure   Level  Hunger
z - Beastly Appendage     Tmut           #.....       10%         1    ##.....

Your spell library contained the following spells:

 Spells                   Type           Power        Failure   Level  Hunger
 Sticks to Snakes         Tmut           #.......     14%         2    ###....
 Spider Form              Tmut/Pois      #.........   41%         3    ####...
 Ice Form                 Ice/Tmut       #.......     83%         4    #####..
 Blade Hands              Tmut           #.........   95%         5    ######.


Dungeon Overview and Level Annotations

Branches:
Dungeon (3/15)

Altars:
Fedhas


Innate Abilities, Weirdness & Mutations

You cannot wear armour.
You are incapable of wielding weapons or throwing items.
Your paws allow you to move quietly. (Stealth)
You have sharp claws.
You have razor-sharp teeth.
You have supernaturally acute eyesight. (SInv)
You are carnivorous and can eat meat at any time.
You cover ground quickly.
You are covered in fur. (AC +1)
You have a slow metabolism.
Your sharp claws are effective at attacking unaware monsters.
You have a pair of horns on your head.


Message History

The crimson imp completely misses you.
You scratch the crimson imp.
The crimson imp is heavily wounded.
The crimson imp shouts, "Get thee hence, thou infectious weevil-witted nothing!"
The crimson imp hits you.
You take 3 damage, and have 7/16 hp.
You miss the crimson imp.
The crimson imp is moderately wounded.
The crimson imp blinks!
The crimson imp picks up a beetle and eats it.
Casting: Beastly Appendage (safe; 10% risk of failure)
Confirm with . or Enter, or press ? or * to list all spells.
You grow a pair of large bovine horns.
The crimson imp blinks!
You now have 5/7 mp.
You scratch the crimson imp but do no damage.
The crimson imp hits you.
* * * LOW HITPOINT WARNING * * *
You take 4 damage, and have 3/16 hp.
MASSIVE DAMAGE!!
You barely miss the crimson imp. The crimson imp hits you.
You die...

#..#.####.#
#.........#########
..g...#(.............#
########.g###########.#
.......g..# #.#
....s.....# #.#
#######.###### #.#
######......########.####
..%(..(...)..(=5@......†.#
#######.####.#######.#.#.#
#.# #§# #<.)#.# ..# #..
###.#.# #### #### #.#.#
#.#.# #.#.. #.### #.#


You could see a crimson imp.

Vanquished Creatures
  Robin (D:2)
  2 adders (D:2)
  A worm (D:2)
  2 dart slugs (D:1)
  2 leopard geckos (D:1)
  An orc (D:3)
  5 bats
  2 giant cockroaches
  17 goblins
  9 hobgoblins
  6 jackals (D:1)
  3 kobolds
  A frilled lizard (D:1)
  9 rats
61 creatures vanquished.

Notes
Turn   | Place    | Note
-------+----------+-------------------------------------------
     0 | D:1      | Redear the Felid Transmuter began the quest for the Orb.
     0 | D:1      | Reached XP level 1. HP: 9/9 MP: 4/4
   330 | D:1      | Reached skill level 1 in Stealth
   375 | D:1      | Reached skill level 3 in Dodging
   379 | D:1      | Reached XP level 2. HP: 6/12 MP: 6/6
  1042 | D:1      | Reached XP level 3. HP: 8/15 MP: 5/7
  1486 | D:2      | Reached skill level 2 in Stealth
  1487 | D:2      | Found a blossoming altar of Fedhas.
  2042 | D:2      | Reached skill level 2 in Fighting
  2054 | D:2      | Reached XP level 4. HP: 19/19 MP: 6/8
  2054 | D:2      | Noticed Robin
  2076 | D:2      | Slain by Robin
  2077 | D:2      | Reached XP level 3. HP: -3/16 MP: 7/7
  2269 | D:2      | Killed Robin
  2683 | D:3      | Reached skill level 4 in Dodging
  2779 | D:3      | Slain by a crimson imp

Levels and vault maps discovered:
D:1:      eino_arrival_cavern_d, layout_basic
D:2:      layout_basic, fedhas_ov_isle_minmay, uniq_robin
D:3:      minmay_chambers_of_threes, layout_loops_ring, first_ration,
          uniq_sigmund

Skill      XL: |  1  2  3 |
---------------+----------+-----
Stealth        | 1 2 |  2.9
Dodging        | 3 4 |  4.0
Fighting       | 2 |  2.2
Unarmed Combat | |  3.7
Spellcasting   | |  2.0
Transmutations | |  2.1

Action                   |  1- 3 |  4- 6 || total
-------------------------+-------+-------++-------
Melee: Unarmed           |   213 |    13 ||   226
       Bite              |    18 |     2 ||    20
       Headbutt          |     5 |       ||     5
       Punch             |     2 |       ||     2
 Cast: Beastly Appendage |     8 |     1 ||     9
 Stab: Sleeping          |     7 |       ||     7
  Eat: Chunk             |     7 |       ||     7
Armor: Skin              |     9 |     1 ||    10
Dodge: Dodged            |   177 |    12 ||   189

Table legend:
 A = Non-vault XP
 B = Vault XP
 C = Vault XP percentage of total XP
 D = Non-vault monster count
 E = Vault monster count
 F = Vault count percentage of total count
                 A         B        C        D         E       F
            +---------+---------+-------+---------+---------+-------
      Total |     116 |      36 |  23.7 |      49 |      12 |  19.7
            +---------+---------+-------+---------+---------+-------
        D:1 |      48 |       0 |   0.0 |      24 |       0 |   0.0
        D:2 |      50 |      34 |  40.5 |      15 |      11 |  42.3
        D:3 |      18 |       2 |  10.0 |      10 |       1 |   9.1
            +---------+---------+-------+---------+---------+-------
